 Dungeon Crawl Stone Soup version 0.32-a0-999-gfa1cc04b1d (webtiles) character file.

Game seed: 15545431520227717027

129646 Cedruin the Warrior (level 17, -8/201 HPs)
             Began as an Oni Gladiator on Apr 22, 2024.
             Was a High Priest of Yredelemnul.
             Mangled by a salamander
             ... wielding a +4 glaive
              (15 damage)
             ... on level 3 of the Snake Pit on Apr 24, 2024.
             The game lasted 01:53:46 (29025 turns).

Cedruin the Warrior (Oni Gladiator)                Turns: 29025, Time: 01:53:46

Health: -8/201     AC: 16    Str: 24    XL:     17   Next: 6%
Magic:  25/25      EV: 12    Int:  9    God:    Yredelemnul [*****.]
Gold:   1361       SH:  0    Dex: 14    Spells: 16/16 levels left

rFire   . . .        b - +1 war axe (venom)
rCold   + . .        f - +2 kite shield {rC+}
rNeg    . . .        D - +0 steam dragon scales
rPois   +            c - +0 hat
rElec   .            n - +2 cloak {rPois}
rCorr   +            (gloves unavailable)
SInv    .            (boots unavailable)
Will    +....        L - amulet of regeneration
Stlth   +            T - ring of resist corrosion
HPRegen 1.33/turn    l - +4 ring of protection
MPRegen 0.19/turn

%: no passive effects
@: confused, ambrosia-drunk, wreathed by umbra
A: large, unfitting armour, horns 1, tough skin 1, double potion healing,
drunken brawling
a: Renounce Religion, Light the Black Torch, Recall Undead Harvest, Hurl
Torchlight, Bind Soul, Fathomless Shackles


You were on level 3 of the Snake Pit.
You worshipped Yredelemnul.
Yredelemnul was aware of your devotion.
You visited 5 branches of the dungeon, and saw 26 of its levels.
You also visited: Gauntlet and Ice Cave.

You collected 2210 gold pieces.
You spent 849 gold pieces at shops.

Inventory:

Hand Weapons
 a - a +4 hand axe of flaming
 b - a +1 war axe of venom (weapon)
 p - a +0 war axe of chaos
 M - a +3 vampiric hand axe
Missiles
 d - 2 throwing nets (quivered)
 e - 13 large rocks
 X - 7 silver javelins
Armour
 c - a +0 hat (worn)
 f - a +2 kite shield of cold resistance (worn)
 k - a +2 robe of willpower
 n - a +2 cloak of poison resistance (worn)
 D - +0 steam dragon scales (worn)
 J - +0 gold dragon scales
Jewellery
 i - a ring of flight
 l - a +4 ring of protection (right hand)
 r - a ring of see invisible
 A - a ring of poison resistance
 I - a ring of protection from cold
 L - an amulet of regeneration (around neck)
 T - a ring of resist corrosion (left hand)
Wands
 h - a wand of digging (10)
 t - a wand of polymorph (2)
 B - a wand of paralysis (25)
 F - a wand of flame (16)
 H - a wand of iceblast (14)
 Q - a wand of mindburst (6)
Scrolls
 q - 3 scrolls of enchant armour
 s - 10 scrolls of teleportation
 u - 4 scrolls of fear
 w - 6 scrolls of poison
 x - 4 scrolls of enchant weapon
 C - a scroll of blinking
 E - 3 scrolls of immolation
 P - 2 scrolls of fog
 V - 3 scrolls of revelation
 W - a scroll of silence
Potions
 j - 2 potions of cancellation
 m - 3 potions of enlightenment
 v - a potion of invisibility
 z - 4 potions of mutation
 G - a potion of haste
 K - 3 potions of heal wounds
 N - a potion of berserk rage
 O - a potion of resistance
 S - 4 potions of curing
 U - a potion of might
Miscellaneous
 g - a phial of floods
 o - a phantom mirror
 Y - a lightning rod (4/4)
 Z - a box of beasts


   Skills:
 + Level 20.0 Fighting
 + Level 15.9 Axes
 - Level 4.0 Throwing
 - Level 11.1 Armour
 - Level 10.0 Dodging
 + Level 9.2 Shields
 + Level 11.5 Invocations


You had 16 spell levels left.
You didn't know any spells.
Your spell library contained the following spells:

 Spells                   Type           Power      Damage    Failure   Level
 Sting                    Conj/Alch      0%         1d3       58%         1
 Summon Small Mammal      Summ           0%         N/A       58%         1
 Blink                    Tloc           0%         N/A       73%         2
 Call Imp                 Summ           0%         N/A       73%         2
 Ensorcelled Hibernation  Hex/Ice        0%         N/A       73%         2
 Lesser Beckoning         Tloc           0%         N/A       73%         2
 Mercury Vapours          Alch/Air       0%         N/A       73%         2
 Momentum Strike          Conj/Tloc      0%         3d8       73%         2
 Static Discharge         Conj/Air       0%         3-3/arc   73%         2
 Sublimation of Blood     Necr           0%         N/A       73%         2
 Call Canine Familiar     Summ           0%         N/A       91%         3
 Dazzling Flash           Conj/Hex       0%         N/A       91%         3
 Inner Flame              Hex/Fire       0%         N/A       91%         3
 Mephitic Cloud           Conj/Alch/Air  0%         N/A       91%         3
 Passwall                 Erth           0%         N/A       91%         3
 Swiftness                Air            0%         N/A       91%         3
 Volatile Blastmotes      Fire/Tloc      0%         2d10      91%         3
 Airstrike                Air            0%         2d(0-16)  100%        4
 Dimensional Bullseye     Hex/Tloc       0%         N/A       100%        4
 Leda's Liquefaction      Alch/Erth      0%         N/A       100%        4
 Olgreb's Toxic Radiance  Alch           0%         N/A       100%        4
 Petrify                  Alch/Erth      0%         N/A       100%        4
 Summon Blazeheart Golem  Fire/Summ      0%         N/A       100%        4
 Summon Lightning Spire   Summ/Air       0%         N/A       100%        4
 Alistair's Intoxication  Alch           0%         N/A       100%        5
 Borgnjor's Vile Clutch   Necr/Erth      0%         N/A       100%        5
 Irradiate                Conj/Alch      0%         3d11      100%        5
 Silence                  Hex/Air        0%         N/A       100%        5
 Conjure Ball Lightning   Conj/Air       0%         3x3d6     100%        6
 Eringya's Noxious Bog    Alch           0%         4d6       100%        6
 Haunt                    Necr/Summ      0%         N/A       100%        7
 Ozocubu's Refrigeration  Ice            0%         4d7       100%        7
 Summon Hydra             Summ           0%         N/A       100%        7
 Discord                  Hex            0%         N/A       100%        8
 Disjunction              Tloc           0%         N/A       100%        8
 Ignition                 Fire           0%         3d3       100%        8
 Infestation              Necr           0%         N/A       100%        8
 Animate Dead             Necr           Unusable   N/A       N/A         4

Dungeon Overview and Level Annotations

Branches:
Dungeon (15/15)            Temple (1/1) D:5            Lair (5/5) D:9
 Shoals (0/4) Lair:3        Snake (3/4) Lair:2        Slime (0/5) Lair:5
    Orc (2/2) D:12            Elf (0/3) Orc:2        Vaults (0/5) D:14
 Depths (0/4) D:15          IceCv (visited)         Gauntlet (visited)

Altars:
Ashenzari
Cheibriados
Dithmenos
Elyvilon
Fedhas
Gozag
Hepliaklqana
Kikubaaqudgha
Makhleb
Nemelex Xobeh
Okawaru
Qazlal
Ru
Sif Muna
Trog
Uskayaw
Vehumet
Wu Jian
Xom
Yredelemnul
Zin
The Shining One
Beogh

Shops:
D:4 *!*   D:12 =   Orc:2 ([:*

Portals:
Trove: D:14 (give +4 storm dragon scales)


Innate Abilities, Weirdness & Mutations

You are too large for most types of armour.
You have a pair of small horns on your head.
You have tough skin. (AC +1)
You gain doubled healing and magic from potions.
Whenever you drink a healing potion, you attack all around you.


Message History

The arrow burns you.
* * * LOW HITPOINT WARNING * * *
The naga mage spits poison at you. The splash of poison misses you.
You block the salamander's attack.
You take a swig of the potion and twirl your +1 war axe of venom.
You slash the black mamba!
The black mamba looks as sick as possible!
You headbutt the black mamba.
The black mamba is almost dead.
You savour every drop.
You feel better. The black mamba closely misses you.
The salamander shoots an arrow.
You block the arrow.
The black mamba bites you but does no damage.
Your naga zombie hits the salamander!
Your naga zombie constricts the salamander.
The salamander hits you from afar with a +4 glaive!
* * * LOW HITPOINT WARNING * * *
You are engulfed in flames!
* * * LOW HITPOINT WARNING * * *
The salamander shoots an arrow.
The arrow hits you!
* * * LOW HITPOINT WARNING * * *
The arrow burns you.
* * * LOW HITPOINT WARNING * * *
You take a swig of the potion and twirl your +1 war axe of venom.
You miss the black mamba.
The black mamba is almost dead.
You are confused.
You savour every drop.
You feel invigorated. The black mamba bites you!
* * * LOW HITPOINT WARNING * * *
The salamander struggles to escape constriction.
The black mamba bites you.
* * * LOW HITPOINT WARNING * * *
Your naga zombie hits the salamander!
The salamander dies!
Their soul becomes fuel for the torch.
The dead are walking!
The salamander hits you from afar with a +4 glaive!
* * * LOW HITPOINT WARNING * * *
You are engulfed in flames!
You die...
Your body rises from the dead as a mindless zombie.

#.### .....
......
......
####......
#.........
#@SN......
#)N..<....
#)ZZ......
#Z........
Z..Z....##
........##
.........#
..........#
#..........#


You could see a salamander, a black mamba (extremely poisoned), a naga mage
(fast, catching breath, ally target), the friendly Louise the bound human, 2
friendly naga zombies, a friendly salamander zombie and a friendly salamander
mystic zombie.

Vanquished Creatures
  Saint Roka (Orc:2)
  An orc warlord (Orc:2)
  A minotaur (D:12)
  A green death (Snake:2)
  3 hydras
  2 catoblepae (Lair:5)
  3 anacondas
  5 two-headed ogres
  An ogre mage (Orc:2)
  3 death yaks
  A centaur warrior (D:13)
  4 boulder beetles (D:15)
  A deep troll shaman (Lair:5)
  An orc high priest (Orc:2)
  2 shock serpents
  3 salamander mystics
  2 naga ritualists
  A necromancer (IceCv)
  4 orc knights
  A harpy (Lair:3)
  2 deep elf pyromancers
  6 ugly things
  6 salamanders
  A manticore (D:11)
  3 orc sorcerers (Orc:2)
  3 cyclopes
  2 kobold blastminers (Orc:2)
  An ice statue (IceCv)
  12 black mambas
  3 elephants (Lair:5)
  4 naga magi (Snake:2)
  2 gargoyles (D:12)
  6 cane toads
  An unseen horror (D:11)
  7 komodo dragons
  2 rime drakes
  A freezing wraith (IceCv)
  13 ice devils (IceCv)
  4 polar bears (Lair:5)
  7 trolls
  A dream sheep (Lair:5)
  A slime creature (D:15)
  3 wyverns
  3 shadows
  5 wraiths
  49 yaks
  2 basilisks
  2 wargs
  3 dire elephant simulacra (IceCv)
  A steam dragon (D:8)
  5 death yak simulacra (IceCv)
  A spectral komodo dragon (Gauntlet)
  A vampire mosquito (D:11)
  12 nagas
  Menkaure (D:5)
  A harpy simulacrum (IceCv)
  3 acid dragons
  3 hydra simulacra (IceCv)
  10 water moccasins
  20 orc warriors
  2 black bears
  2 ogres
  14 wolves
  12 centaurs
  A phantom (D:5)
  3 kobold brigands
  6 bullfrogs
  3 cane toad simulacra (IceCv)
  3 scorpions
  A two-headed ogre simulacrum (IceCv)
  7 wights (D:9)
  6 howler monkeys
  A lava snake (D:10)
  13 orc priests
  A bombardier beetle (D:5)
  2 gnoll boudas
  7 hounds
  A jelly (D:2)
  A sleepcap (D:4)
  5 iguanas
  13 orc wizards
  Natasha (twice) (D:4)
  4 polar bear simulacra (IceCv)
  2 spriggan simulacra (IceCv)
  5 wolf simulacra (IceCv)
  13 gnolls
  5 adders
  2 white imps
  3 ufetubi
  4 dart slugs
  6 ribbon worms
  50 orcs
  6 ball pythons
  3 bats
  11 endoplasms
  3 giant cockroaches
  6 goblins
  9 hobgoblins
  3 jackals (D:1)
  23 kobolds
  3 quokkas
  3 frilled lizards (D:1)
  4 rats
  A butterfly (Lair:5)
529 creatures vanquished.

Vanquished Creatures (collateral kills)
  A nagaraja (Snake:2)
  A quicksilver ooze (Gauntlet)
  A minotaur (Gauntlet)
  Josephine (Orc:2)
  4 hydras
  3 catoblepae
  A boulder beetle (D:15)
  2 centaur warriors
  2 two-headed ogres (Orc:2)
  2 tengu warriors
  2 death scarabs (Gauntlet)
  6 death yaks
  3 naga warriors
  An orc high priest (Orc:1)
  3 naga sharpshooters
  2 shock serpents (Snake:1)
  A salamander mystic (Snake:3)
  A spectral death yak (Gauntlet)
  Nergalle (Lair:3)
  An anaconda zombie (Snake:1)
  2 mana vipers
  A glowing orange brain (D:15)
  3 naga ritualists (Snake:2)
  2 deep elf pyromancers
  2 orc knights
  A necromancer (D:14)
  7 ugly things
  An orc sorcerer (Orc:2)
  4 salamanders
  A cyclops (D:14)
  An elephant (Lair:5)
  A slime creature (D:15)
  A torpor snail (Lair:2)
  6 naga magi (Snake:2)
  7 black mambas
  2 rust devils (D:7)
  10 cane toads
  A gargoyle (D:12)
  An efreet (D:14)
  A rime drake (Lair:3)
  4 komodo dragons
  A tengu conjurer (D:15)
  A polar bear (Lair:4)
  6 trolls
  A spectral dream sheep (Gauntlet)
  A shadow (D:10)
  A dire elephant simulacrum (IceCv)
  27 yaks
  3 wraiths
  5 basilisks
  A spectral komodo dragon (Gauntlet)
  A warg (D:15)
  A vampire mosquito (D:11)
  3 death yak simulacra (IceCv)
  13 nagas
  An acid dragon (D:8)
  2 hell hounds (Lair:5)
  4 water moccasins
  A black bear (Lair:4)
  An ice beast (D:8)
  13 orc warriors
  3 ogres
  4 wolves
  5 centaurs (D:13)
  3 bullfrogs
  2 gnoll sergeants
  3 howler monkeys
  2 jellies (Lair:5)
  An orc priest (Orc:2)
  12 orc wizards
  2 gnolls
  An ufetubus (IceCv)
  14 orcs
  3 endoplasms (Lair:5)
  A giant cockroach (D:9)
  A kobold (D:9)
  A butterfly (Lair:5)
243 creatures vanquished.

Vanquished Creatures (others)
  6 ugly thing zombies
  An unseen horror zombie (D:11)
  6 black mamba zombies
  7 spectral ice devils (IceCv)
  2 ogre zombies (Orc:2)
  A two-headed ogre zombie (D:12)
  A human zombie (Orc:2)
  A tengu zombie (D:14)
  A naga (Snake:1)
  3 cane toad zombies
  4 komodo dragon zombies (Lair:5)
  A rime drake zombie (Lair:5)
  2 salamander zombies
  3 water moccasin zombies
  6 yak zombies
  A troll zombie (D:12)
  A polar bear zombie (Lair:5)
  2 wolf zombies (Lair:4)
  2 bullfrog zombies
  4 centaur zombies
  2 basilisk zombies
  8 naga zombies
  An acid dragon zombie (D:12)
  A howler monkey zombie (D:11)
  An iguana zombie (D:9)
  A spectral white imp (IceCv)
  2 endoplasm zombies (Lair:5)
  A gnoll zombie (D:11)
  3 kobold zombies (D:9)
  37 orc zombies
  2 spectral ufetubi (IceCv)
114 creatures vanquished.

Grand Total: 886 creatures vanquished

Notes
Turn   | Place    | Note
-------+----------+-------------------------------------------
     0 | D:1      | Cedruin the Oni Gladiator began the quest for the Orb.
     0 | D:1      | Reached XP level 1. HP: 22/22 MP: 1/1
   153 | D:1      | Reached XP level 2. HP: 29/29 MP: 2/2
   178 | D:1      | Reached skill level 3 in Fighting
   333 | D:1      | Reached XP level 3. HP: 26/37 MP: 3/3
   637 | D:1      | Reached skill level 1 in Armour
  1136 | D:2      | Reached XP level 4. HP: 45/45 MP: 4/4
  1929 | D:3      | Reached XP level 5. HP: 54/54 MP: 5/5
  2198 | D:3      | Found a glowing drain.
  2315 | D:4      | Reached skill level 4 in Fighting
  2439 | D:4      | Found Vailouk's Assorted Antiques.
  2547 | D:4      | Reached XP level 6. HP: 56/63 MP: 6/6
  2583 | D:4      | Noticed Natasha
  2588 | D:4      | Killed Natasha
  2643 | D:4      | Got the Elucidation of Esoterica
  2823 | D:4      | Found Funol's Distillery.
  2833 | D:4      | Bought a potion of heal wounds for 65 gold pieces
  2833 | D:4      | Bought a potion of heal wounds for 65 gold pieces
  2833 | D:4      | Bought a potion of curing for 39 gold pieces
  2851 | D:4      | Found Weempus's General Store.
  3464 | D:5      | Entered Level 5 of the Dungeon
  3481 | D:5      | Reached XP level 7. HP: 28/71 MP: 7/7
  3486 | D:5      | Noticed Menkaure
  4244 | D:5      | Found a staircase to the Ecumenical Temple.
  4272 | D:5      | Reached skill level 5 in Fighting
  4278 | Temple   | Entered the Ecumenical Temple
  4332 | D:5      | Found Qiluoc's Jewellery Boutique.
  4599 | D:5      | Killed Menkaure
  4600 | D:5      | Reached XP level 8. HP: 83/83 MP: 8/8
  4642 | D:5      | Reached skill level 5 in Axes
  4772 | D:5      | Reached skill level 6 in Fighting
  5275 | D:6      | Noticed Eustachio
  5277 | D:6      | Eustachio changed into Eustachio the wolf
  5277 | D:6      | Noticed Eustachio
  5283 | D:6      | Killed Eustachio the wolf
  5463 | D:6      | Reached skill level 5 in Dodging
  5985 | D:6      | Reached skill level 7 in Fighting
  6321 | D:6      | Reached XP level 9. HP: 75/93 MP: 9/9
  6526 | D:7      | Reached skill level 5 in Armour
  6733 | D:7      | Found a runed translucent gate.
  6889 | D:7      | Noticed a rust devil
  6957 | D:7      | Got the Incunabulum of Invitation and the Bonfire
  7089 | D:7      | Found a runed translucent gate.
  7096 | D:7      | Found a runed translucent gate.
  7100 | D:7      | Noticed a rust devil
  7321 | Temple   | Became a worshipper of Yredelemnul the Fallen
  7768 | D:8      | Reached skill level 8 in Fighting
  8346 | D:8      | Reached skill level 9 in Fighting
  8362 | D:8      | Reached XP level 10. HP: 68/107 MP: 10/10
  9500 | D:9      | Noticed Maggie
  9502 | D:9      | Maggie changed into Maggie the giant cockroach
  9502 | D:9      | Noticed Maggie
  9502 | D:9      | Noticed a cane toad
  9513 | D:9      | Killed a cane toad
  9517 | D:9      | Killed Maggie the giant cockroach
  9698 | D:9      | Found a staircase to the Lair.
  9753 | D:9      | Reached * piety under Yredelemnul
 10006 | D:9      | Reached skill level 10 in Fighting
 10299 | D:10     | Entered Level 10 of the Dungeon
 10319 | D:10     | Found a snail-covered altar of Cheibriados.
 10319 | D:10     | Found a radiant altar of Vehumet.
 10321 | D:10     | Found an iron altar of Okawaru.
 10321 | D:10     | Found a hide-covered altar of Uskayaw.
 10750 | D:10     | Reached XP level 11. HP: 113/119 MP: 11/11
 10777 | D:10     | Reached skill level 11 in Fighting
 11682 | D:11     | Reached ** piety under Yredelemnul
 12132 | D:11     | Reached skill level 12 in Fighting
 12260 | D:11     | Noticed a manticore
 12273 | D:11     | Killed a manticore
 12490 | D:11     | Reached skill level 10 in Axes
 13121 | D:12     | Identified the +6 orcbow of Equivalence {flame, rF++ rC-
                  | MP-9 Int+9}
 13132 | D:12     | Noticed a purple ugly thing
 13138 | D:12     | Killed a purple ugly thing
 13240 | D:12     | Reached skill level 13 in Fighting
 13333 | D:12     | Noticed a two-headed ogre
 13345 | D:12     | Killed a two-headed ogre
 13379 | D:12     | Noticed a minotaur
 13417 | D:12     | Found a runed translucent door.
 13478 | D:12     | Found Vushrutzas's Jewellery Emporium.
 13571 | D:12     | Reached XP level 12. HP: 116/136 MP: 12/12
 13571 | D:12     | Found a staircase to the Orcish Mines.
 13574 | D:12     | Identified the +0 pair of boots "Ireosme" {rF+}
 14038 | D:12     | Killed a minotaur
 14039 | D:12     | Reached skill level 14 in Fighting
 14298 | Lair:1   | Entered Level 1 of the Lair of Beasts
 14334 | Lair:1   | Identified the +0 rapier of Defiance {flame, rF- rN+++
                  | Will+ rCorr}
 14586 | Lair:1   | Reached *** piety under Yredelemnul
 14588 | Lair:1   | Reached skill level 1 in Invocations
 15150 | Lair:2   | Found a staircase to the Snake Pit.
 15521 | Lair:2   | Reached skill level 15 in Fighting
 15823 | Lair:2   | Reached XP level 13. HP: 145/150 MP: 16/16
 16055 | Lair:3   | Noticed Nergalle
 16065 | Lair:3   | Killed Nergalle
 16066 | Lair:3   | Reached skill level 5 in Invocations
 16328 | Lair:3   | Reached **** piety under Yredelemnul
 16449 | Lair:3   | Found a frozen archway.
 16449 | Lair:3   | Found a staircase to the Shoals.
 16534 | IceCv    | Entered an ice cave
 16896 | IceCv    | Reached skill level 16 in Fighting
 17056 | IceCv    | Found an ancient bone altar of Kikubaaqudgha.
 17401 | IceCv    | Reached skill level 10 in Armour
 18339 | Lair:3   | Upgraded the game from 0.32-a0-995-gb4a59205af to
                  | 0.32-a0-999-gfa1cc04b1d
 18426 | Lair:4   | Reached skill level 1 in Shields
 18715 | Lair:4   | Reached ***** piety under Yredelemnul
 18716 | Lair:4   | Reached XP level 14. HP: 162/163 MP: 17/17
 18850 | Lair:4   | Reached skill level 17 in Fighting
 19341 | Lair:5   | Entered Level 5 of the Lair of Beasts
 19375 | Lair:5   | Found a staircase to the Slime Pits.
 20641 | Lair:5   | Reached skill level 5 in Shields
 21029 | Lair:5   | Identified the +3 war axe of Entrepreneurial Spirit
                  | {freeze, rF++ Str+4 Int-5}
 21803 | D:13     | Reached XP level 15. HP: 162/176 MP: 20/20
 21850 | D:13     | Reached ****** piety under Yredelemnul
 22125 | D:14     | Identified the +5 rapier of Cughecun {freeze, Int+3}
 22203 | D:14     | Noticed Louise
 22219 | D:14     | Killed Louise
 22219 | D:14     | Bound Louise
 22303 | D:14     | Found a portal to a secret trove of treasure.
 22337 | D:14     | Reached skill level 18 in Fighting
 22767 | D:14     | Found a gate to the Vaults.
 22914 | D:14     | Identified the +1 pair of boots of Taum {rPois Str+2 Int+2}
 23184 | D:12     | Bought a +4 ring of protection for 540 gold pieces
 23237 | D:15     | Entered Level 15 of the Dungeon
 23264 | D:15     | Identified the +4 dagger of Causality {heavy, rPois}
 23276 | D:15     | Identified the blade talisman of Sealoheb {+Blink Stlth+}
 24047 | D:15     | Found a staircase to the Depths.
 24357 | Orc:1    | Entered Level 1 of the Orcish Mines
 24466 | Orc:2    | Entered Level 2 of the Orcish Mines
 24466 | Orc:2    | Found a gate leading to a gauntlet.
 24493 | Gauntlet | Entered a Gauntlet
 24493 | Gauntlet | Found a transporter.
 24496 | Gauntlet | Found a transporter.
 24511 | Gauntlet | Found a transporter.
 24515 | Gauntlet | Found a transporter.
 24525 | Gauntlet | Found a transporter.
 24545 | Gauntlet | Found a transporter.
 24548 | Gauntlet | Found a transporter.
 24552 | Gauntlet | Found a transporter.
 24581 | Gauntlet | Found a transporter.
 24600 | Gauntlet | Found a transporter.
 24602 | Gauntlet | Found a transporter.
 24613 | Gauntlet | Found a transporter.
 24691 | Gauntlet | Identified the +2 pair of boots of Anarchy {rF++}
 24692 | Gauntlet | Identified the +2 broad axe "Efiet" {pain, rElec Str-5
                  | Int+2 Dex+3}
 24777 | Gauntlet | Identified the +6 chain mail of the Minstrel {Will+ Dex+3}
 24791 | Gauntlet | Got the Incunable of Guile and Soot
 24907 | Orc:2    | Noticed an orc warlord
 24925 | Orc:2    | Noticed Josephine
 24932 | Orc:2    | Killed an orc warlord
 24933 | Orc:2    | Found a roughly hewn altar of Beogh.
 24940 | Orc:2    | Reached XP level 16. HP: 139/182 MP: 10/23
 24940 | Orc:2    | Killed Josephine
 24941 | Orc:2    | Reached skill level 15 in Axes
 24941 | Orc:2    | Reached skill level 10 in Invocations
 24953 | Orc:2    | Noticed Saint Roka
 24955 | Orc:2    | Your ally Josephine died
 24961 | Orc:2    | Found Fuxirej's Antique Armour Emporium.
 24974 | Orc:2    | Killed Saint Roka
 24975 | Orc:2    | Reached skill level 19 in Fighting
 25035 | Orc:2    | Found Usuxtoth's Antique Weapon Emporium.
 25185 | Orc:2    | Found a staircase to the Elven Halls.
 25249 | Orc:2    | Found Qumeug's General Store.
 25255 | Orc:2    | Bought 2 potions of curing for 84 gold pieces
 25255 | Orc:2    | Bought a potion of might for 56 gold pieces
 25264 | Orc:2    | Found Qympi's Book Emporium.
 25709 | Orc:1    | Found the +15 Maxwell's patent armour {-Cast -Tele rElec
                  | Will+ rCorr}
 25790 | Orc:1    | Found a roughly hewn altar of Beogh.
 26087 | Snake:1  | Entered Level 1 of the Snake Pit
 26108 | Snake:1  | Reached skill level 10 in Dodging
 27098 | D:4      | Noticed Natasha
 27102 | D:4      | Killed Natasha
 27668 | Snake:2  | Found a runed translucent door.
 27894 | Snake:2  | Noticed a nagaraja
 27911 | Snake:2  | Killed a nagaraja
 28177 | Snake:2  | Identified the +3 arbalest of Imau {drain, rF+ rC+ Will++
                  | Str+2}
 28284 | Snake:2  | Identified the staff "Nudwes" {^Fragile rN++ Dex-5 Conj
                  | Air}
 28933 | Snake:2  | Reached XP level 17. HP: 193/201 MP: 25/25
 28942 | Snake:2  | Reached skill level 20 in Fighting
 29022 | Snake:3  | HP: 4/201 [salamander mystic/lance of force (9)]
 29025 | Snake:3  | Mangled by a salamander

Illustrated notes

Levels and vault maps discovered:
D:1:      heliophobic_arrival_ceremonial_halls, layout_basic,
          hangedman_decor_growths
D:2:      layout_basic
D:3:      layout_loops_cross, cheibrodos_sewer_entry_bend
D:4:      layout_basic, serial_shops, shop, nicolae_lakefront_shop, shop,
          minmay_quantized, uniq_natasha
D:5:      layout_basic, minmay_temple_entry_proselytizer, serial_shops,
          nicolae_shop_tiny_waterfront, uniq_menkaure
D:6:      layout_loops_corners, uniq_eustachio
D:7:      cheibrodos_iron_armory, layout_rooms
D:8:      layout_basic
D:9:      layout_irregular_city, dpeg_lair_monsters, uniq_maggie
D:10:     layout_irregular_city, mainiacjoe_overflow_alcove_3,
          kennysheep_cluttered_room
D:11:     layout_stronghold, minmay_variable_closet
D:12:     layout_irregular_city, orc_0_dummy, serial_shops, shop,
          mainiacjoe_labyrinth_nostalgia
D:13:     layout_loops_ring, hangedman_decor_peaks_small
D:14:     layout_loops_ring, david_vaults_1, grunt_decor_one_mirror,
          enter_trove_0, uniq_louise
D:15:     gammafunk_enter_depths_forms, layout_long_grid, small_statue_alley_a
Temple:   mainiacjoe_temple_coin_purse
Lair:1:   layout_cave_shapes
Lair:2:   layout_regular_city, minmay_snake_entry_guardpost_small
Lair:3:   layout_chaotic_city, nicolae_shoals_entry_roost, portal_ice_cave_rime,
          st_stairs_7, uniq_nergalle
Lair:4:   layout_small_grid, infiniplex_staircase_pool
Lair:5:   grunt_lair_end_beastmaster, layout_regular_city,
          nicolae_slime_entry_slimehenge, enter_volcano_3,
          hangedman_lair_generics_rect, lemuel_fruit_fields
Snake:1:  layout_misc_corridors, abandoned_shop, serial_bayou_pond_e,
          nicolae_coiled_stairwell_down
Snake:2:  cheibrodos_toxic_ritual, layout_concentric_octagons,
          nicolae_snake_snakewalk, serial_bayou_shore_b
Snake:3:  layout_cave_shapes, serial_bayou_pond_d, serial_bayou_lagoon_a,
          nicolae_snake_salamander_fort
Orc:1:    layout_caves, dreamdust_deal_with_the_devil, bh_open_orc_temple
Orc:2:    grunt_orc_cross, layout_diamond_mine, gauntlet_entry_generic,
          uniq_saint_roka, uniq_josephine

Skill      XL: |  1  2  3  4  5  6  7  8  9 10 11 12 13 14 15 16 17 |
---------------+----------------------------------------------------+-----
Fighting       | 3 4 5 7 9 10 13 15 16 17 18 19 20 | 20.0
Dodging        | 3 4 5 6 7 8 9 10 | 10.0
Armour         | 1 2 3 4 5 7 8 10 11 | 11.1
Throwing       | 3 4 |  4.0
Axes           | 4 6 7 8 10 12 13 14 15 | 15.9
Invocations    | 4 5 7 9 11 | 11.5
Shields        | 2 5 7 9 |  9.2

Action                     |  1- 3 |  4- 6 |  7- 9 | 10-12 | 13-15 | 16-18 || total
---------------------------+-------+-------+-------+-------+-------+-------++-------
  Melee: War axe           |    10 |       |       |       |   313 |    53 ||   376
         Headbutt          |     9 |    22 |    47 |   131 |   289 |   128 ||   626
         Hand axe          |    64 |   129 |   199 |   539 |   672 |   389 ||  1992
  Throw: Throwing net      |       |       |     1 |     2 |       |       ||     3
         Large rock        |       |       |     1 |     1 |       |       ||     2
         Dart              |       |       |       |       |     2 |       ||     2
 Invoke: Recall Undead Har |       |       |       |     3 |     6 |     4 ||    13
         Light the Black T |       |       |       |     6 |     9 |     4 ||    19
         Hurl Torchlight   |       |       |       |     1 |     5 |     3 ||     9
         Fathomless Shackl |       |       |       |       |     1 |     2 ||     3
         Bind Soul         |       |       |       |       |     1 |       ||     1
  Evoke: Wand              |       |       |     2 |     5 |     1 |       ||     8
         Box of beasts     |       |       |       |       |       |     1 ||     1
    Use: Scroll            |     2 |     7 |    11 |    10 |     3 |     4 ||    37
         Potion            |       |       |     5 |     4 |    10 |     6 ||    25
   Stab: Sleeping          |     1 |     1 |       |       |     1 |     1 ||     4
         Distracted        |       |       |     1 |     5 |    21 |     4 ||    31
         Held in net/web   |       |       |       |     1 |       |       ||     1
         Paralysed         |       |       |       |     3 |       |       ||     3
         Invisible         |       |       |       |       |    12 |       ||    12
 Armour: Robe              |    43 |    87 |   148 |    51 |       |       ||   329
         Steam dragon scal |       |       |       |   341 |   508 |   279 ||  1128
         Gold dragon scale |       |       |       |       |   195 |       ||   195
  Dodge: Dodged            |    41 |    72 |   126 |   324 |   324 |   156 ||  1043
  Block: Kite shield       |       |       |       |       |   340 |   258 ||   598

Table legend: (Time is in decaauts)
 A = Elapsed time spent in this place.
 B = Non-inter-level travel time spent in this place.
 C = Inter-level travel time spent in this place.
 D = Time resting spent in this place.
 E = Time spent auto-exploring this place.
 F = Levels seen in this place.
 G = Mean time per level.
                   A        B        C        D        E       F      G
               +--------+--------+--------+--------+--------+-----+--------+
         Total |  28569 |  26011 |   2558 |   2692 |  18607 |  28 | 1020.3 |
       Dungeon |  18117 |  16169 |   1948 |   1401 |  12324 |  15 | 1207.8 |
        Temple |     82 |     10 |     72 |      0 |      7 |   1 |   82.0 |
          Lair |   5477 |   5112 |    365 |    773 |   3387 |   5 | 1095.4 |
     Snake Pit |   2050 |   1946 |    104 |     17 |   1422 |   3 |  683.3 |
  Orcish Mines |   1121 |   1053 |     68 |      0 |    796 |   2 |  560.5 |
      Ice Cave |   1362 |   1362 |      0 |    472 |    494 |   1 | 1362.0 |
      Gauntlet |    356 |    356 |      0 |     28 |    177 |   1 |  356.0 |
               +--------+--------+--------+--------+--------+-----+--------+

Top non-repeatable levels by time:
     D:4: 1976 daAuts
  Lair:5: 1753 daAuts
    D:10: 1547 daAuts
     D:8: 1524 daAuts
    D:11: 1489 daAuts
     D:6: 1475 daAuts
     D:9: 1441 daAuts
   IceCv: 1362 daAuts
 Snake:2: 1291 daAuts
     D:5: 1238 daAuts
  Lair:2: 1165 daAuts
    D:12: 1112 daAuts
    D:14: 1055 daAuts
    D:15: 1028 daAuts
     D:1: 976 daAuts
